 Dungeon Crawl Stone Soup version 0.31.0-11-ge490571c62 (webtiles) character file.

Game seed: 17022223751698667206

65 qw the Shooter (level 3, -1/20 HPs)
             Began as a Deep Elf Hunter on Feb 4, 2024.
             Slain by a gnoll
             ... wielding a +0 halberd
              (15 damage)
             ... on level 2 of the Dungeon.
             The game lasted 00:01:23 (1455 turns).

qw the Shooter (Deep Elf Hunter)                    Turns: 1455, Time: 00:01:24

Health: -1/20      AC:  6    Str: 10    XL:     3   Next: 92%
Magic:  5/5        EV: 11    Int: 13    God:
Gold:   57         SH:  0    Dex: 18    Spells: 2/2 levels left

rFire   . . .        a - +0 shortbow (flame)
rCold   . . .        (shield currently unavailable)
rNeg    . . .        e - +0 ring mail
rPois   .            (no helmet)
rElec   .            f - +0 cloak
rCorr   .            (no gloves)
SInv    .            (no boots)
Will    .....        (no amulet)
Stlth   +            (no ring)
HPRegen 0.23/turn    (no ring)
MPRegen 0.09/turn

%: no passive effects
@: no status effects
A: no striking features
a: no special abilities


You were on level 2 of the Dungeon.
You visited 1 branch of the dungeon, and saw 2 of its levels.

You collected 57 gold pieces.


   Skills:
 - Level 1.5 Fighting
 + Level 7.4 Ranged Weapons
 - Level 2.4 Dodging
 - Level 1.2 Stealth


You had 2 spell levels left.
You didn't know any spells.
Your spell library was empty.

Inventory:

Hand Weapons
 a - a +0 shortbow of flaming (weapon)
Armour
 e - a +0 ring mail (worn)
 f - a +0 cloak (worn)
Scrolls
 g - a scroll of teleportation
Potions
 b - a potion of berserk rage {unknown}
 c - a potion of degeneration {unknown}

Dungeon Overview and Level Annotations

Branches:
Dungeon (2/15)

Altars:


Message History

Enter note:
1444 ||| RETREEEEATING.
A gnoll comes into view. It is wielding a +0 halberd.
1446 ||| RETREEEEATING.
You shoot an arrow. The arrow hits the hobgoblin.
The arrow burns the hobgoblin.
You kill the hobgoblin!
You shoot an arrow. The arrow hits the gnoll.
The arrow burns the gnoll.
The gnoll is moderately wounded.
You hear a shout!
The gnoll misses you.
You shoot an arrow. The arrow barely misses the gnoll.
The gnoll hits you with a +0 whip.
You shoot an arrow. The arrow hits the gnoll.
The arrow burns the gnoll.
The gnoll is severely wounded.
The gnoll closely misses you. The gnoll barely misses you.
You shoot an arrow.
The arrow hits the gnoll but does no damage.
The gnoll is severely wounded.
The gnoll hits you with a +0 whip. The gnoll closely misses you.
Enter note:
Enter note:
Enter note:
1452 ||| RETREEEEATING.
The gnoll throws a throwing net.
The throwing net barely misses you.
You see here a throwing net.
You shoot an arrow.
The arrow hits the gnoll but does no damage.
The gnoll is severely wounded.
Enter note:
Enter note:
Enter note:
1454 ||| RETREEEEATING.
You shoot an arrow. The arrow hits the gnoll!
The arrow burns the gnoll.
You kill the gnoll!
The gnoll hits you from afar with a +0 halberd.
You shoot an arrow. The arrow hits the gnoll!
The arrow burns the gnoll.
The gnoll is severely wounded.
The gnoll hits you from afar with a +0 halberd!
Ouch! That really hurt!
You die...

#..##.#
..(..#.#.......).#
##.#
..#........##.#.####
#.# .#.#.##.#.##...#
#.. ...%........#.#
#%##
.#.##g###.##.#.# #.#
.g.g..%......#.#
##g####..)#
#.##.###)####..[#
.......@......#.#
########........#
##########


You could see a gnoll.

Vanquished Creatures
  A gnoll (D:2)
  3 dart slugs
  5 ball pythons
  2 giant cockroaches (D:2)
  3 goblins
  9 hobgoblins
  3 jackals
  7 kobolds
  2 quokkas (D:1)
  2 bats
  A frilled lizard (D:1)
  6 rats
44 creatures vanquished.

Notes
Turn   | Place    | Note
-------+----------+-------------------------------------------
     0 | D:1      | qw the Deep Elf Hunter began the quest for the Orb.
     0 | D:1      | Reached XP level 1. HP: 12/12 MP: 3/3
     0 | D:1      | 0 ||| qw: Version: 0.3-a-160-g6735b56
     0 | D:1      | 0 ||| qw: Game counter: 5877
     0 | D:1      | 0 ||| qw: Melee chars always use a shield: true
     0 | D:1      | 0 ||| qw: God list: Okawaru
     0 | D:1      | 0 ||| qw: Allow faded altars: false
     0 | D:1      | 0 ||| qw: Do Orc after clearing Dungeon:15 true
     0 | D:1      | 0 ||| qw: Do second Lair branch before Depths: true
     0 | D:1      | 0 ||| qw: Lair rune preference: random
     0 | D:1      | 0 ||| qw: Goals: Normal
     0 | D:1      | 0 ||| PLANNING D:1-11
   176 | D:1      | Reached skill level 6 in Ranged Weapons
   176 | D:1      | Reached XP level 2. HP: 16/16 MP: 4/4
   212 | D:1      | Found a faded altar of an unknown god.
   213 | D:1      | Noticed an eye of devastation
   214 | D:1      | 214 ||| UPGRADING to +0 ring mail.
   229 | D:1      | 229 ||| DROPPING +0 leather armour.
   230 | D:1      | 230 ||| UPGRADING to +0 cloak.
   237 | D:1      | Noticed a shining eye
   237 | D:1      | Noticed a great orb of eyes
   237 | D:1      | Noticed a great orb of eyes
   845 | D:1      | 845 ||| READING 2 scrolls labelled XUARIA VINGYL.
   845 | D:1      | 845 ||| IDENTIFYING scroll labelled LEOSYS FALEZ
   846 | D:1      | 846 ||| READING scroll of brand weapon.
   846 | D:1      | 846 ||| BRANDING +0 shortbow.
   847 | D:1      | 847 ||| READING scroll of identify.
   847 | D:1      | 847 ||| IDENTIFYING scroll labelled KIUHAF JYACE
   848 | D:1      | 848 ||| DROPPING scroll of butterflies.
   913 | D:2      | Reached XP level 3. HP: 19/20 MP: 5/5
  1067 | D:2      | 1067 ||| FLEEEEING.
  1198 | D:2      | Reached skill level 7 in Ranged Weapons
  1444 | D:2      | 1444 ||| RETREEEEATING.
  1446 | D:2      | 1446 ||| RETREEEEATING.
  1452 | D:2      | 1452 ||| RETREEEEATING.
  1454 | D:2      | 1454 ||| RETREEEEATING.
  1455 | D:2      | Slain by a gnoll

Levels and vault maps discovered:
D:1:      amcnicky_arrival_gap_in_the_tavern_cellar, layout_basic,
          hellmonk_ecumenical_altar_watching_god, minmay_tall_x
D:2:      layout_basic, grunt_decor_arrowhead, minmay_diced_spiral

Skill      XL: |  1  2  3 |
---------------+----------+-----
Ranged Weapons | 6 7 |  7.4
Fighting       | |  1.5
Dodging        | |  2.4
Stealth        | |  1.2

Action                     || total
---------------------------++-------
   Fire: Shortbow          ||   118
    Use: Scroll            ||     3
 Armour: Ring mail         ||    19
  Dodge: Dodged            ||    28

Table legend:
 A = Non-vault XP
 B = Vault XP
 C = Vault XP percentage of total XP
 D = Non-vault monster count
 E = Vault monster count
 F = Vault count percentage of total count
                 A         B        C        D         E       F
            +---------+---------+-------+---------+---------+-------
      Total |      77 |      16 |  17.2 |      35 |       9 |  20.5
            +---------+---------+-------+---------+---------+-------
        D:1 |      33 |       7 |  17.5 |      18 |       4 |  18.2
        D:2 |      44 |       9 |  17.0 |      17 |       5 |  22.7
            +---------+---------+-------+---------+---------+-------
